 Dungeon Crawl Stone Soup version 0.27-a0-1139-g28e009f8a6 (webtiles) character file.

Game seed: 5942065731635876243

1433 leviel the Fighter (level 9, -2/77 HPs)
             Began as a Formicid Fighter on May 7, 2021.
             Slain by a yak (13 damage)
             ... on level 5 of the Dungeon.
             The game lasted 00:05:47 (6475 turns).

leviel the Fighter (Formicid Fighter)               Turns: 6475, Time: 00:05:47

Health: -2/77      AC:  7    Str: 25    XL:     9   Next: 3%
Magic:  9/9        EV:  8    Int:  7    God:
Gold:   253        SH: 10    Dex: 10    Spells: 8/8 levels left

rFire    . . .     SeeInvis +   g - +0 flail (venom)
rCold    . . .     Faith    .   c - +0 kite shield
rNeg     . . .     Spirit   .   b - +0 scale mail
rPois    .         Reflect  .   (helmet unavailable)
rElec    .         Harm     .   (no cloak)
rCorr    .         Rampage  .   (no gloves)
Will     .....                  (no boots)
Stlth    ..........             (no amulet)
HPRegen  0.22/turn              (no ring)
MPRegen  0.11/turn              (no ring)

@: no status effects
A: permanent stasis, dig shafts and tunnels, antennae 3, four strong arms
a: Dig, Shaft Self


You were on level 5 of the Dungeon.
You visited 1 branch of the dungeon, and saw 6 of its levels.

You collected 253 gold pieces.

Inventory:

Hand Weapons
 a - a +0 war axe
 g - a +0 flail of venom (weapon)
Armour
 b - a +0 scale mail (worn)
 c - a +0 kite shield (worn)
Jewellery
 f - an amulet of guardian spirit
 p - a +6 ring of dexterity
 q - the ring "Koezyn" {rN+ Str+2}
   (You took it off an orc on level 4 of the Dungeon)

   [ring of positive energy]

   It affects your strength (+2).
   It protects you from negative energy.
 t - a ring of wizardry
Wands
 l - a wand of flame (7) (quivered)
Scrolls
 e - 3 scrolls of vulnerability {unknown}
 i - 4 scrolls of identify {unknown}
 j - a scroll of magic mapping {unknown}
 k - a scroll of enchant weapon {unknown}
 m - a scroll of torment {unknown}
 r - a scroll of amnesia {unknown}
 s - a scroll of immolation {unknown}
 u - a scroll of teleportation {unknown}
 v - a scroll of summoning {unknown}
Potions
 d - a potion of might
 n - a potion of invisibility {unknown}
 o - a potion of heal wounds {unknown}


   Skills:
 + Level 9.4 Fighting
 - Level 3.3(4.5) Axes
 + Level 4.7(5.2) Maces & Flails
 - Level 4.1 Armour
 - Level 0.4 Dodging
 - Level 4.7 Shields


You had 8 spell levels left.
You didn't know any spells.
Your spell library was empty.

Dungeon Overview and Level Annotations

Branches:
Dungeon (6/15)
 Temple: D:4-7

Altars:
Cheibriados
Fedhas
Gozag
Sif Muna
Uskayaw


Innate Abilities, Weirdness & Mutations

You cannot be hasted, slowed, berserked, paralysed or teleported.
You can dig through walls and to a lower floor.
You have a pair of large antennae on your head. (SInv)
Your four strong arms can wield two-handed weapons with a shield.


Message History

The yak is lightly wounded.
You feel sick. The yak gores you! You block the adder's attack.
The yak gores you!
You barely miss the yak.
The yak is moderately wounded.
You feel sick. The adder barely misses you.
The adder bites you but does no damage. You block the yak's attack.
You closely miss the yak.
The yak is moderately wounded.
You feel sick.
You are no longer poisoned.
The adder bites you.
You are poisoned.
The adder poisons you! You block the yak's attack.
You block the adder's attack.
You miss the adder.
You feel sick. The adder barely misses you.
The yak gores you but does no damage.
You closely miss the adder.
You feel sick. You block the adder's attack. The yak gores you!
The adder bites you. The yak gores you.
You barely miss the adder.
You feel sick. The adder bites you.
* * * LOW HITPOINT WARNING * * *
The yak gores you.
* * * LOW HITPOINT WARNING * * *
The adder bites you but does no damage.
You feel sick.
You are no longer poisoned.
The adder bites you but does no damage. The adder bites you but does no damage.
You hit the yak.
The yak looks as sick as possible!
The yak is heavily wounded.
The yak barely misses you.
You hit the yak.
The yak is severely wounded.
You block the yak's attack.
You hit the yak.
The yak is almost dead.
The yak gores you!
* * * LOW HITPOINT WARNING * * *
The yak gores you!
You die...

.## ####....### #................
..###.........# #................
..#...........# ##...............
#.............# #...............
#.............# ##..........(....
..............###.....[.........#
........>......##..............##
#..............#.####........###
##............##@# ####...###
##..........##Y## ##### #
##...........S######
#####..........#.....###
##.###.........#.......#
#.#.#..................# ####
.#.#...................## #..###
###..........#..........# #.....
##..........##..........# #.....


You could see a yak (very poisoned) and an adder.

Vanquished Creatures
  2 yaks
  3 black bears
  2 necrophages
  An orc warrior (D:6)
  A phantom (D:5)
  A howler monkey (D:5)
  A bullfrog zombie (D:5)
  2 hounds
  A centaur skeleton (D:3)
  An orc priest (D:6)
  A jelly (D:5)
  2 orc wizards
  An iguana (D:4)
  A scorpion zombie (D:5)
  2 hound skeletons (D:4)
  A mummy (D:6)
  3 adders
  4 gnolls (D:2)
  A white imp (D:5)
  2 ufetubi
  3 worms
  2 dart slugs (D:5)
  9 orcs
  5 ball pythons
  5 endoplasms
  3 giant cockroaches
  5 goblins
  5 hobgoblins
  2 jackals (D:1)
  3 kobolds
  5 quokkas
  6 bats
  3 rats
89 creatures vanquished.

Vanquished Creatures (others)
  An orc wizard (D:5)
1 creature vanquished.

Grand Total: 90 creatures vanquished

Notes
Turn   | Place    | Note
-------+----------+-------------------------------------------
     0 | D:1      | leviel the Formicid Fighter began the quest for the Orb.
     0 | D:1      | Reached XP level 1. HP: 18/18 MP: 1/1
    42 | D:1      | Reached XP level 2. HP: 22/24 MP: 2/2
   416 | D:1      | Reached XP level 3. HP: 29/29 MP: 3/3
   950 | D:2      | Reached XP level 4. HP: 25/37 MP: 4/4
   961 | D:2      | HP: 1/37 [poisoned by a gnoll]
  1448 | D:2      | Found a faded altar of an unknown god.
  2106 | D:3      | Noticed a black bear
  2111 | D:3      | Killed a black bear
  2112 | D:3      | Reached skill level 4 in Fighting
  2112 | D:3      | Reached skill level 1 in Maces & Flails
  2112 | D:3      | Reached XP level 5. HP: 29/42 MP: 5/5
  2262 | D:3      | Reached XP level 6. HP: 46/49 MP: 6/6
  2688 | D:4      | Noticed a black bear
  2696 | D:4      | Killed a black bear
  2697 | D:4      | Reached skill level 5 in Fighting
  2857 | D:4      | Found a hide-covered altar of Uskayaw.
  2857 | D:4      | Found a shimmering blue altar of Sif Muna.
  2857 | D:4      | Found a blossoming altar of Fedhas.
  2880 | D:4      | Reached XP level 7. HP: 56/57 MP: 7/7
  2956 | D:4      | Reached skill level 6 in Fighting
  3004 | D:4      | Identified the ring "Koezyn" {rN+ Str+2}
  3369 | D:4      | Reached skill level 7 in Fighting
  3648 | D:5      | Entered Level 5 of the Dungeon
  3874 | D:5      | Found an opulent altar of Gozag.
  4016 | D:5      | Reached skill level 8 in Fighting
  4016 | D:5      | Reached XP level 8. HP: 22/68 MP: 8/8
  5943 | D:6      | Found a snail-covered altar of Cheibriados.
  5947 | D:6      | Reached skill level 9 in Fighting
  6010 | D:6      | Noticed a yak
  6010 | D:6      | Noticed a yak
  6010 | D:6      | Noticed a yak
  6012 | D:6      | Noticed a yak
  6013 | D:6      | Noticed a yak
  6029 | D:6      | Killed a yak
  6035 | D:5      | HP: 3/71 [yak (7)]
  6043 | D:5      | Killed a yak
  6044 | D:5      | Reached XP level 9. HP: 10/77 MP: 9/9
  6475 | D:5      | Slain by a yak

Illustrated notes

Levels and vault maps discovered:
D:1:      lightli_arrival_farm, layout_basic
D:2:      layout_basic, basic_ecumenical_altar
D:3:      layout_loops_cross, chequers_serial_rivers_micro_d
D:4:      layout_loops_ring, chequers_temple_overflow_statue_of_worship
D:5:      layout_cave_pods, grunt_gozag_breadcrumbs
D:6:      layout_gridville, slow_altar_2, grunt_ministairs_11

Skill      XL: |  1  2  3  4  5  6  7  8 |
---------------+-------------------------+-----
Shields        | 4 |  4.7
Axes           | 3 |  3.3
Fighting       | 4 5 8 9 |  9.4
Maces & Flails | 1 4 |  4.7
Armour         | 4 |  4.1
Dodging        | |  0.4

Action                   |  1- 3 |  4- 6 |  7- 9 || total
-------------------------+-------+-------+-------++-------
Melee: War axe           |    57 |    10 |       ||    67
       Flail             |       |    71 |   179 ||   250
 Abil: Dig               |       |       |     2 ||     2
Evoke: Wand              |       |       |     7 ||     7
  Use: Potion            |       |     2 |     2 ||     4
Armor: Scale mail        |    26 |    41 |    58 ||   125
Dodge: Dodged            |    13 |    32 |    64 ||   109
Block: Kite shield       |    22 |    39 |   119 ||   180

Table legend: (Time is in decaauts)
 A = Elapsed time spent in this place.
 B = Non-inter-level travel time spent in this place.
 C = Inter-level travel time spent in this place.
 D = Time resting spent in this place.
 E = Time spent auto-exploring this place.
 F = Levels seen in this place.
 G = Mean time per level.
                   A        B        C        D        E       F      G
               +--------+--------+--------+--------+--------+-----+--------+
         Total |   6637 |   6474 |    163 |   1684 |   3996 |   6 | 1106.2 |
       Dungeon |   6637 |   6474 |    163 |   1684 |   3996 |   6 | 1106.2 |
               +--------+--------+--------+--------+--------+-----+--------+

Top non-repeatable levels by time:
     D:5: 2667 daAuts
     D:2: 1158 daAuts
     D:4: 1015 daAuts
     D:1: 844 daAuts
     D:3: 738 daAuts
     D:6: 212 daAuts
